 Dungeon Crawl Stone Soup version 0.30-a0-883-g5ad918d (webtiles) character file.

Game seed: 13359282833936735424

1249 Nithhogg the Cleaver (level 8, -27/71 HPs)
             Began as a Hill Orc Fighter on Mar 17, 2023.
             Annihilated by Maggie
             ... wielding a +2 glaive of flaming
              (33 damage)
             ... on level 6 of the Dungeon.
             The game lasted 00:13:28 (5598 turns).

Nithhogg the Cleaver (Hill Orc Fighter)             Turns: 5598, Time: 00:13:28

Health: -27/71     AC:  8    Str: 21    XL:     8   Next: 50%
Magic:  12/12      EV:  9    Int:  8    God:
Gold:   263        SH:  0    Dex: 10    Spells: 7/7 levels left

rFire   + . .      SeeInvis .    m - +5 Force Lance {heavy, knockback}
rCold   x . .      Faith    .    (no shield)
rNeg    . . .      Spirit   .    b - +1 scale mail
rPois   .          Reflect  .    (no helmet)
rElec   .          Rampage  .    (no cloak)
rCorr   .                        (no gloves)
Will    .....                    (no boots) Stlth
                                 r - amulet of regeneration
HPRegen 1.11/turn                e - ring of fire
MPRegen 0.13/turn                (no ring)

@: mesmerised
A: no striking features
a: no special abilities


You were on level 6 of the Dungeon.
You visited 1 branch of the dungeon, and saw 6 of its levels.
You also visited: Sewer.

You collected 263 gold pieces.

Inventory:

Hand Weapons
 a - a +0 war axe
 m - the +5 Force Lance (weapon) {heavy, knockback}
   (You found it on level 3 of the Dungeon)
 y - a +1 dire flail of protection
Armour
 b - a +1 scale mail (worn)
 c - a +0 buckler
 z - a +2 scale mail of poison resistance
Jewellery
 e - a ring of fire (left hand)
 r - an amulet of regeneration (around neck)
 v - an amulet of magic regeneration
Wands
 h - a wand of polymorph (4)
Scrolls
 f - 3 scrolls of identify
 g - 2 scrolls of teleportation
 l - a scroll of noise
 n - 2 scrolls of magic mapping
 p - a scroll of enchant weapon {unknown}
 q - a scroll of amnesia
 t - a scroll of fog {unknown}
 u - a scroll of fear {unknown}
 w - a scroll of blinking {unknown}
Potions
 d - 3 potions of might
 i - 2 potions of curing
 j - 2 potions of cancellation
 o - a potion of flight
 x - a potion of resistance


   Skills:
 + Level 6.4 Fighting
 * Level 8.7 Axes
 + Level 5.8 Armour
 - Level 3.2 Shields
 + Level 5.6 Invocations


You had 7 spell levels left.
You didn't know any spells.
Your spell library contained the following spells:

 Spells                   Type           Power      Damage    Failure   Level
 Shock                    Conj/Air       0%         1d3       73%         1
 Lesser Beckoning         Tloc           0%         N/A       86%         2
 Gell's Gravitas          Tloc           0%         N/A       97%         3
 Swiftness                Air            0%         N/A       97%         3
 Teleport Other           Tloc           0%         N/A       97%         3
 Airstrike                Air            0%         2d(0-16)  100%        4
 Yara's Violent Unravell  Hex/Tmut       0%         3d3       100%        5
 Enfeeble                 Hex            0%         N/A       100%        7


Dungeon Overview and Level Annotations

Branches:
Dungeon (6/15)              Sewer (visited)
 Temple: D:4-7

Altars:
Hepliaklqana

Shops:
D:3 (?*(*   D:5 =

Annotations:
D:2 Crazy Yiuf
D:6 Maggie


Message History

You feel much better. Maggie misses you.
You reach to attack!
You puncture Maggie!
Maggie is heavily wounded.
Maggie closely misses you.
You reach to attack!
You puncture Maggie!
Maggie is severely wounded.
Maggie says, "Fear not.
I will immortalize you in the tale of my first kill."
Maggie misses you.
Maggie hits you from afar with a +2 glaive of flaming!!
Maggie burns you!
You feel much better.
Maggie hits you from afar with a +2 glaive of flaming!!
Maggie burns you!
* * * LOW HITPOINT WARNING * * *
Maggie hits you with a +2 glaive of flaming!
* * * LOW HITPOINT WARNING * * *
Maggie burns you.
* * * LOW HITPOINT WARNING * * *
Items here: ))) [[ †.
Okay, then.
You feel better.
Maggie hits you with a +2 glaive of flaming!
* * * LOW HITPOINT WARNING * * *
Maggie burns you.
* * * LOW HITPOINT WARNING * * *
Press: ? - help, v - describe, . - travel
Here: Maggie, wielding a +2 glaive of flaming and wearing +0 swamp dragon scales (heavily wounded, mesmerising, strong)
The floor, spattered with blood.
Okay, then.
Okay, then.
You feel more attuned to fire.
e - a ring of fire (left hand)
As you read the scroll labelled WAINEE NOKOR, it crumbles to dust.
The creatures around you are filled with an inner flame!
It was a scroll of immolation.
Maggie closely misses you.
As you read the scroll labelled OTA HEURINWU, it crumbles to dust.
It is a scroll of amnesia.
You feel forgetful for a moment.
Maggie hits you with a +2 glaive of flaming!!
You die...

.# .# .# ## #.### ..
.... # ### #. ...#.#
..###+#### .. .....
###......## #.##...#
##......... #.#@...#
#......... #.#@# .# #
#........ #.#.##.#.#
†.†..##### #.......#
#........#....#>....###
#....#...#....##.####
#....#........##.#
##...#####....+..#
#............##.###
##...........#....#


You could see Maggie (mesmerising, inner flame, strong).

Vanquished Creatures
  Edmund (D:6)
  An ogre (D:5)
  2 phantoms
  A bullfrog (D:6)
  A kobold brigand (Sewer)
  2 vampire bats (D:3)
  3 hounds (D:5)
  An orc priest (D:4)
  4 iguanas
  Terence (D:3)
  Natasha (thrice) (D:2)
  An orc wizard (D:6)
  4 gnolls (D:3)
  14 adders
  4 river rats (Sewer)
  A white imp (D:6)
  3 worms
  2 dart slugs (D:2)
  11 orcs
  17 bats
  7 endoplasms
  3 giant cockroaches (D:3)
  A goblin (D:2)
  5 hobgoblins
  6 jackals
  10 kobolds
  6 quokkas
  13 ball pythons
  7 frilled lizards
  9 rats
  A spectral kobold (D:3)
145 creatures vanquished.

Vanquished Creatures (others)
  8 fungi (D:6)
  17 plants (Sewer)
25 creatures vanquished.

Grand Total: 170 creatures vanquished

Notes
Turn   | Place    | Note
-------+----------+-------------------------------------------
     0 | D:1      | Nithhogg the Hill Orc Fighter began the quest for the Orb.
     0 | D:1      | Reached XP level 1. HP: 19/19 MP: 1/1
    85 | D:1      | Reached skill level 3 in Axes
   216 | D:1      | Reached XP level 2. HP: 24/27 MP: 2/2
   415 | D:1      | Reached skill level 1 in Invocations
   733 | D:2      | Noticed Natasha
   744 | D:2      | Killed Natasha
   745 | D:2      | Reached XP level 3. HP: 6/33 MP: 2/4
   897 | D:2      | Reached skill level 4 in Axes
   983 | D:2      | Reached XP level 4. HP: 40/40 MP: 5/5
  1088 | D:2      | Noticed Natasha
  1140 | D:2      | Killed Natasha
  1420 | D:2      | Noticed Natasha
  1425 | D:2      | Killed Natasha
  1426 | D:2      | Reached XP level 5. HP: 47/47 MP: 6/6
  1465 | D:2      | Found a runed translucent door.
  1466 | D:2      | Noticed Crazy Yiuf
  1637 | D:2      | Reached skill level 5 in Axes
  1764 | D:2      | Crazy Yiuf changed into Crazy Yiuf the swamp drake
  1764 | D:2      | Noticed Crazy Yiuf
  1911 | D:3      | Found a faded altar of an unknown god.
  1962 | D:3      | Found Vuket's Antique Weapon Shop.
  1993 | D:3      | Found a glowing drain.
  2017 | Sewer    | Entered a sewer
  2230 | Sewer    | Reached XP level 6. HP: 26/53 MP: 8/8
  2603 | Sewer    | Reached skill level 5 in Fighting
  2614 | Sewer    | Reached skill level 6 in Axes
  3243 | D:3      | Reached XP level 7. HP: 55/61 MP: 9/9
  3310 | D:3      | Noticed Terence
  3324 | D:3      | Killed Terence
  3413 | D:3      | Found the +5 Force Lance {heavy, knockback}
  3579 | D:3      | Found Fyngoi Qiyk's General Store.
  3633 | D:3      | Found Plog's Magic Scroll Boutique.
  3752 | D:3      | Found Ymaule's Weapon Emporium.
  3798 | D:3      | Found a hazy altar of Hepliaklqana.
  4008 | D:3      | Found Otzenoqa's Assorted Antiques.
  4415 | D:4      | Reached skill level 7 in Axes
  4415 | D:4      | Reached skill level 5 in Armour
  4962 | D:5      | Entered Level 5 of the Dungeon
  5154 | D:5      | Found Dushipsu's Jewellery Shop.
  5201 | D:5      | Reached skill level 5 in Invocations
  5201 | D:5      | Reached XP level 8. HP: 70/70 MP: 11/11
  5399 | D:6      | Noticed Edmund
  5413 | D:6      | Killed Edmund
  5414 | D:6      | Reached skill level 8 in Axes
  5579 | D:6      | Noticed Maggie
  5595 | D:6      | HP: 3/71 [Maggie/+2 glaive of flaming (2)]
  5598 | D:6      | Annihilated by Maggie

Illustrated notes

Levels and vault maps discovered:
D:1:      minmay_arrival_five_plusses, layout_loops_ring
D:2:      layout_basic, minmay_tetromino_i4, uniq_crazy_yiuf_cottage,
          uniq_natasha
D:3:      layout_basic, nicolae_hepliaklqana_monster_ancestors, serial_shops,
          nicolae_shop_crystal, shop, shop_fountains, shop,
          nicolae_shop_waterfront, gup_sewer_entry_pipe,
          ebering_ecumenical_altar_box, roderic_batcave, uniq_terence
D:4:      layout_basic
D:5:      layout_cave_pools, serial_shops, shop
D:6:      layout_loops_corners, fedhas_altar_4, led_sif_pool,
          mainiacjoe_overflow_alcove_4, kennysheep_potato, uniq_eustachio,
          uniq_sigmund, uniq_maggie, uniq_edmund

Skill      XL: |  1  2  3  4  5  6  7  8 |
---------------+-------------------------+-----
Axes           | 3 4 5 6 7 8 |  8.7
Invocations    | 1 2 3 5 |  5.6
Fighting       | 4 5 6 |  6.4
Armour         | 4 5 |  5.8
Shields        | |  3.2

Action                     |  1- 3 |  4- 6 |  7- 9 || total
---------------------------+-------+-------+-------++-------
  Melee: War axe           |    65 |   224 |    23 ||   312
         Unarmed           |       |     5 |       ||     5
         Punch             |       |     1 |     3 ||     4
         Lance             |       |       |   153 ||   153
  Evoke: Wand              |       |     1 |       ||     1
    Use: Potion            |     1 |     2 |     3 ||     6
         Scroll            |     2 |     1 |     7 ||    10
 Armour: Scale mail        |    42 |   139 |    74 ||   255
         Skin              |       |     3 |       ||     3
  Dodge: Dodged            |    38 |   142 |    92 ||   272

Table legend: (Time is in decaauts)
 A = Elapsed time spent in this place.
 B = Non-inter-level travel time spent in this place.
 C = Inter-level travel time spent in this place.
 D = Time resting spent in this place.
 E = Time spent auto-exploring this place.
 F = Levels seen in this place.
 G = Mean time per level.
                   A        B        C        D        E       F      G
               +--------+--------+--------+--------+--------+-----+--------+
         Total |   5872 |   5775 |     97 |     57 |   4561 |   7 |  838.9 |
       Dungeon |   4705 |   4608 |     97 |     57 |   3635 |   6 |  784.2 |
         Sewer |   1167 |   1167 |      0 |      0 |    926 |   1 | 1167.0 |
               +--------+--------+--------+--------+--------+-----+--------+

Top non-repeatable levels by time:
     D:3: 1227 daAuts
     D:2: 1191 daAuts
   Sewer: 1167 daAuts
     D:4: 872 daAuts
     D:1: 751 daAuts
     D:5: 448 daAuts
     D:6: 214 daAuts
